 Dungeon Crawl Stone Soup version 0.32-a0-953-g508020473e (webtiles) character file.

Game seed: 11172694217490521982

1929 Autsider the Covert (level 9, -6/48 HPs)
             Began as a Vine Stalker Warper on Apr 16, 2024.
             Was a Follower of Uskayaw.
             Killed from afar by an electric eel (11 damage)
             ... with a bolt of electricity
             ... on level 7 of the Dungeon.
             The game lasted 00:11:45 (4993 turns).

Autsider the Covert (Vine Stalker Warper)           Turns: 4993, Time: 00:11:45

Health: -6/48      AC:  7    Str: 14    XL:     9   Next: 17%
Magic:  0/13       EV: 11    Int: 13    God:    Uskayaw [*.....]
Gold:   256        SH:  0    Dex: 18    Spells: 12/12 levels left

rFire   . . .        J - +2 falchion (venom)
rCold   . . .        (no shield)
rNeg    + . .        b - +0 leather armour
rPois   +            D - +0 helmet
rElec   .            a - +1 cloak {rPois}
rCorr   .            h - +0 pair of gloves
SInv    .            (no boots)
Will    +....        g - amulet of regeneration
Stlth   ++++         o - ring of flight
HPRegen 1.88/turn    y - ring of positive energy
MPRegen 0.13/turn

%: guardian spirit
@: flying
A: fangs 3, regeneration 1, magic shield, antimagic bite, no potion heal 2
a: Renounce Religion, Stomp


You were on level 7 of the Dungeon.
You worshipped Uskayaw.
Uskayaw was noncommittal.
You visited 2 branches of the dungeon, and saw 8 of its levels.

You collected 256 gold pieces.

Inventory:

Hand Weapons
 t - a +2 whip of electrocution
 B - a +3 short sword of venom
 I - a +1 dagger of venom
 J - a +2 falchion of venom (weapon)
Missiles
 d - 7 darts of dispersal (quivered)
 j - 7 boomerangs
 l - 12 poisoned darts
 H - a throwing net
Armour
 a - a +1 cloak of poison resistance (worn)
 b - a +0 leather armour (worn)
 h - a +0 pair of gloves (worn)
 C - a +0 scale mail of cold resistance
 D - a +0 helmet (worn)
Jewellery
 g - an amulet of regeneration (around neck)
 o - a ring of flight (left hand)
 y - a ring of positive energy (right hand)
 z - a ring of see invisible
 E - an amulet of faith
Wands
 G - a wand of mindburst (6)
Scrolls
 c - 4 scrolls of blinking
 f - 2 scrolls of teleportation
 i - 2 scrolls of torment
 m - a scroll of noise
 p - 2 scrolls of fog
 q - a scroll of fear
 s - a scroll of poison {unknown}
 v - a scroll of immolation {unknown}
 w - a scroll of brand weapon {unknown}
 x - 4 scrolls of enchant weapon
Potions
 e - 2 potions of resistance {unknown}
 k - 3 potions of mutation
 n - a potion of cancellation {unknown}
 r - a potion of haste {unknown}
 u - 2 potions of curing {unknown}
 F - a potion of brilliance {unknown}


   Skills:
 + Level 6.2 Fighting
 + Level 6.1 Short Blades
 - Level 0.8 Throwing
 - Level 0.7 Armour
 - Level 1.5 Dodging
 + Level 8.2 Stealth
 - Level 2.1 Spellcasting
 - Level 3.0 Translocations
 + Level 3.1 Invocations


You had 12 spell levels left.
You didn't know any spells.
Your spell library contained the following spells:

 Spells                   Type           Power      Damage    Failure   Level
 Blink                    Tloc           18%        N/A       14%         2
 Lesser Beckoning         Tloc           18%        N/A       14%         2
 Maxwell's Portable Pile  Tloc           9%         2d(6-16)  28%         3
 Teleport Other           Tloc           9%         N/A       28%         3
 Call Imp                 Summ           2%         N/A       43%         2
 Sublimation of Blood     Necr           1%         N/A       43%         2
 Vhi's Electric Charge    Tloc/Air       10%        N/A       86%         4
 Summon Hydra             Summ           0%         N/A       100%        7


Dungeon Overview and Level Annotations

Branches:
Dungeon (7/15)             Temple (1/1) D:5

Altars:
Cheibriados
Elyvilon
Nemelex Xobeh
Ru
Trog
Uskayaw
Wu Jian
Xom
Yredelemnul
Zin
Lugonu

Annotations:
D:1 exclusion: downstairs


Innate Abilities, Weirdness & Mutations

You have razor-sharp teeth.
Your natural rate of healing is unusually fast.
When hurt, damage is shared between your health and your magic reserves.
Your bite disrupts and absorbs the magic of your enemies.
Potions cannot restore your health.


Message History

The electric eel completely resists.
The bolt of electricity hits you!
* * * LOW HITPOINT WARNING * * *
The electric eel shoots out a bolt of lightning at you!
The bolt of electricity misses you.
You slash the electric eel!
The electric eel looks as sick as possible!
You bite the electric eel. You drain its power.
You feel invigorated.
The electric eel is heavily wounded.
The electric eel shoots out a bolt of lightning at you!
The bolt of electricity hits the electric eel.
The electric eel completely resists.
The bolt of electricity hits you!
* * * LOW HITPOINT WARNING * * *
The electric eel shoots out a bolt of lightning at you!
The bolt of electricity hits the electric eel.
The electric eel completely resists.
The bolt of electricity hits the electric eel.
The electric eel completely resists.
The bolt of electricity hits you!
* * * LOW HITPOINT WARNING * * *
The sky beast flickers out of sight!
Deactivating autopickup; reactivate with Ctrl-A.
The electric eel shoots out a bolt of lightning at you!
The bolt of electricity hits the electric eel.
The electric eel completely resists.
The bolt of electricity misses you.
The electric eel shoots out a bolt of lightning at you!
The bolt of electricity hits the electric eel.
The electric eel completely resists.
The bolt of electricity hits the electric eel.
The electric eel completely resists.
The bolt of electricity hits you!
* * * LOW HITPOINT WARNING * * *
The electric eel shoots out a bolt of lightning at you!
The bolt of electricity hits you.
* * * LOW HITPOINT WARNING * * *
Something hits you but does no damage.
Blink to where?
Press: ? - help, Dir - move target
As you read the scroll of blinking, it crumbles to dust.
The electric eel shoots out a bolt of lightning at you!
The bolt of electricity misses you. The bolt of electricity hits you!
You die...
Your body falls in perfect tune with the rhythm.

#...#...#≈...
..#≈#.#S....
#≈.≈#S..... #
#..S...... # #.
#......... ..#..
#§........ #....##
###........>
##....##...........
.. #...@##.......#
#.##.#####.....##
#..<.# ######
##.#...# ...##..#
..### #... ..#
###.. . .. .


You could see 3 electric eels.

Vanquished Creatures
  Grinder (D:4)
  Sigmund (D:5)
  Menkaure (D:4)
  An ogre (D:6)
  A phantom (D:5)
  3 bullfrogs (D:6)
  Blork the orc (D:5)
  2 scorpions
  2 bombardier beetles
  5 hounds
  An orc priest (D:3)
  2 jellies
  Crazy Yiuf (D:6)
  Jessica (D:2)
  3 iguanas (D:6)
  A sleepcap (D:4)
  4 orc wizards
  8 gnolls
  6 adders
  5 river rats (D:4)
  3 white imps
  An ufetubus (D:6)
  A dart slug (D:2)
  2 ribbon worms
  26 orcs
  4 ball pythons (D:2)
  4 bats
  8 endoplasms
  3 giant cockroaches
  7 goblins
  5 hobgoblins
  6 jackals
  8 kobolds
  4 quokkas
  3 frilled lizards
  21 rats
156 creatures vanquished.

Vanquished Creatures (others)
  An orc wizard (D:6)
1 creature vanquished.

Grand Total: 157 creatures vanquished

Notes
Turn   | Place    | Note
-------+----------+-------------------------------------------
     0 | D:1      | Autsider the Vine Stalker Warper began the quest for the
                  | Orb.
     0 | D:1      | Reached XP level 1. HP: 11/11 MP: 4/4
   166 | D:1      | Reached skill level 1 in Stealth
   166 | D:1      | Reached XP level 2. HP: 15/15 MP: 4/6
   275 | D:1      | You fall into a shaft and drop 1 floor!
   501 | D:1      | Reached XP level 3. HP: 18/18 MP: 4/7
   505 | D:1      | Found a faded altar of an unknown god.
   927 | D:2      | Reached skill level 2 in Stealth
  1043 | D:2      | Noticed Jessica
  1214 | D:2      | Reached XP level 4. HP: 21/23 MP: 3/8
  1281 | D:2      | Killed Jessica
  1282 | D:2      | Reached skill level 3 in Stealth
  1282 | D:2      | Reached XP level 5. HP: 23/28 MP: 7/9
  1755 | D:3      | Reached skill level 4 in Stealth
  1755 | D:3      | Reached XP level 6. HP: 32/32 MP: 10/10
  2471 | D:4      | Noticed Menkaure
  2489 | D:4      | Killed Menkaure
  2490 | D:4      | Reached skill level 5 in Stealth
  2490 | D:4      | Reached XP level 7. HP: 6/37 MP: 1/11
  2879 | D:4      | Noticed Grinder
  2893 | D:4      | Killed Grinder
  3101 | D:4      | Reached skill level 6 in Stealth
  3343 | D:5      | Entered Level 5 of the Dungeon
  3343 | D:5      | Noticed Blork the orc
  3343 | D:5      | Found a staircase to the Ecumenical Temple.
  3352 | D:5      | Killed Blork the orc
  3353 | D:5      | Reached skill level 5 in Fighting
  3353 | D:5      | Gained mutation: You have razor-sharp teeth. [Vine Stalker
                  | growth]
  3353 | D:5      | Reached XP level 8. HP: 9/43 MP: 1/12
  3378 | D:6      | Reached skill level 5 in Short Blades
  3481 | Temple   | Entered the Ecumenical Temple
  3499 | Temple   | Became a worshipper of Uskayaw the Reveller
  3529 | D:5      | Reached * piety under Uskayaw
  3586 | D:5      | Reached skill level 7 in Stealth
  3601 | D:5      | Noticed Sigmund
  3614 | D:5      | Found a shimmering altar of Xom.
  3624 | D:5      | Killed Sigmund
  3624 | D:5      | Reached ** piety under Uskayaw
  3625 | D:5      | Reached skill level 1 in Invocations
  4012 | D:6      | Found a runed translucent door.
  4013 | D:6      | Noticed Crazy Yiuf
  4241 | D:6      | Reached *** piety under Uskayaw
  4424 | D:6      | Reached XP level 9. HP: 48/48 MP: 13/13
  4438 | D:6      | Reached skill level 8 in Stealth
  4834 | D:6      | Killed Crazy Yiuf
  4993 | D:7      | Killed from afar by an electric eel

Illustrated notes

Levels and vault maps discovered:
D:1:      dpeg_arrival_stone_temple_mockup, layout_loops_ring,
          hellmonk_ecumenical_altar_run_dry
D:2:      layout_basic, uniq_jessica
D:3:      layout_basic, minmay_misc_feat_pillars
D:4:      layout_gridville, minmay_misc_feat_tiny, dk_rats_in_the_wall,
          uniq_grinder, uniq_menkaure
D:5:      layout_rooms, lemuel_doored_altar,
          minmay_temple_entry_statues_fountains, uniq_blork_the_orc,
          uniq_sigmund
D:6:      minmay_inner_zag, layout_loops_cross, uniq_crazy_yiuf_cottage
D:7:      layout_rooms, overflow_temple_1_default, nicolae_lava_and_water,
          nicolae_kite_square_tiling_tiny, nicolae_water_bricks,
          minmay_the_grid_2x2 [minmay_the_grid_embedded, minmay_the_grid_tree,
          minmay_the_grid_tiny_cups, minmay_the_grid_prize_trominoes],
          uniq_pikel
Temple:   kb_corrupted_temple

Skill      XL: |  1  2  3  4  5  6  7  8  9 |
---------------+----------------------------+-----
Fighting       | 2 3 4 5 6 |  6.2
Short Blades   | 2 3 4 5 6 |  6.1
Stealth        | 1 2 3 4 5 6 7 8 |  8.2
Invocations    | 2 3 |  3.1
Throwing       | |  0.8
Armour         | |  0.7
Dodging        | |  1.5
Spellcasting   | |  2.1
Translocations | |  3.0

Action                     |  1- 3 |  4- 6 |  7- 9 || total
---------------------------+-------+-------+-------++-------
  Melee: Short sword       |   126 |   157 |   253 ||   536
         Bite              |    34 |    40 |    73 ||   147
         Falchion          |       |       |     2 ||     2
  Throw: Throwing net      |       |       |     1 ||     1
    Use: Scroll            |       |     3 |     6 ||     9
   Stab: Sleeping          |     5 |     1 |    13 ||    19
         Paralysed         |       |       |     2 ||     2
 Armour: Leather armour    |    65 |    78 |   144 ||   287
  Dodge: Dodged            |    57 |    77 |    96 ||   230

Table legend: (Time is in decaauts)
 A = Elapsed time spent in this place.
 B = Non-inter-level travel time spent in this place.
 C = Inter-level travel time spent in this place.
 D = Time resting spent in this place.
 E = Time spent auto-exploring this place.
 F = Levels seen in this place.
 G = Mean time per level.
                   A        B        C        D        E       F      G
               +--------+--------+--------+--------+--------+-----+--------+
         Total |   4890 |   4324 |    566 |     53 |   3176 |   8 |  611.2 |
       Dungeon |   4854 |   4323 |    531 |     53 |   3176 |   7 |  693.4 |
        Temple |     36 |      1 |     35 |      0 |      0 |   1 |   36.0 |
               +--------+--------+--------+--------+--------+-----+--------+

Top non-repeatable levels by time:
     D:6: 1125 daAuts
     D:4: 938 daAuts
     D:3: 906 daAuts
     D:1: 815 daAuts
     D:2: 621 daAuts
     D:5: 429 daAuts
  Temple: 36 daAuts
     D:7: 16 daAuts
